 Dungeon Crawl Stone Soup version 0.18-a0-1682-g23343eb (webtiles) character file.

1047 Leibowitz the Ducker (level 8, -2/49 HPs)
             Began as a Kobold Berserker on Apr 2, 2016.
             Was an Elder of Trog.
             Slain by a centaur (7 damage)
             ... on level 6 of the Dungeon.
             The game lasted 00:17:46 (7470 turns).

Leibowitz the Ducker (Kobold Berserker)             Turns: 7470, Time: 00:17:47

Health: -2/49      AC:  5    Str: 15      XL:     8   Next: 50%
Magic:  8/8        EV: 20    Int:  3      God:    Trog [****..]
Gold:   273        SH:  0    Dex: 19 (20) Spells: 0 memorised, 7 levels left

rFire  . . .     SeeInvis .     a - +1 dagger (venom)
rCold  + . .     Gourm    .     e - +0 leather armour
rNeg   . . .     Faith    .     (shield restricted)
rPois  .         Spirit   .     v - +1 hat
rElec  .         Dismiss  .     (no cloak)
rCorr  .         Reflect  .     o - +1 pair of gloves
SustAt .         Harm     .     (no boots)
MR     .....                    (no amulet)
Stlth  +++.......               (no ring)
                                f - +2 ring of dexterity

@: lethally poisoned (-2 -> -4), not resistant to hostile enchantments, fairly
stealthy
A: carnivore 3, cold resistance 1, deformed body, dopey 1
a: Berserk, Trog's Hand, Brothers in Arms, Burn Spellbooks, Renounce Religion


You were on level 6 of the Dungeon.
You worshipped Trog.
Trog was greatly pleased with you.
You were completely stuffed.

You visited 1 branch of the dungeon, and saw 6 of its levels.

You collected 273 gold pieces.

Inventory:

Hand Weapons
 a - a +1 dagger of venom (weapon)
 h - a +0 short sword of holy wrath
Missiles
 p - 17 poisoned needles
Armour
 e - a +0 leather armour (worn)
 o - a +1 pair of gloves (worn)
 v - a +1 hat (worn)
Jewellery
 f - a +2 ring of dexterity (left hand)
Scrolls
 g - 3 scrolls of enchant weapon
 i - a scroll of immolation
 k - a scroll of blinking
 l - a scroll of identify
 n - 3 scrolls of teleportation {unknown}
 q - a scroll of enchant armour
 r - a scroll of fear {unknown}
 s - a scroll of brand weapon {unknown}
 u - a scroll of recharging {unknown}
Potions
 j - 2 potions of flight
 m - a potion of brilliance
Comestibles
 b - 6 chunks of flesh
 c - 3 meat rations
 d - 2 beef jerkies
 t - a royal jelly


   Skills:
 * Level 5.0 Fighting
 * Level 6.9 Short Blades
 * Level 3.0 Armour
 * Level 7.5 Dodging
 * Level 4.4 Stealth


You had 7 spell levels left.
You didn't know any spells.

Dungeon Overview and Level Annotations

Branches:
Dungeon (6/15)             Temple (0/1) D:4

Altars:
Ashenzari
Dithmenos
Fedhas
Kikubaaqudgha
Qazlal
Sif Muna
Trog
Xom
Yredelemnul
Zin

Shops:
D:5 *


Innate Abilities, Weirdness & Mutations

You are small and have problems with some larger weapons.
You are carnivorous and can eat meat at any time.
Your flesh is cold resistant.
Armour fits poorly on your strangely shaped body.
You are dopey. (Int -2)


Message History

You hit the adder.
You kill the adder!
Trog accepts your kill.
You feel sick. The centaur barely misses you.
You hit the centaur but do no damage.
The centaur is poisoned.
The centaur hits you.
* * * LOW HITPOINT WARNING * * *
You hit the centaur but do no damage.
The centaur looks even sicker.
The centaur misses you.
You hit the centaur.
The centaur is lightly wounded.
The centaur hits you.
* * * LOW HITPOINT WARNING * * *
You hit the centaur.
The centaur is moderately wounded.
You feel sick. The centaur completely misses you.
You hit the centaur.
The centaur is moderately wounded.
The centaur hits you!
You die...

...## #.# #
....#.#.# .
........# #.
#..##...
#.###.....#
#..<..%.#
###.[.....#
#........##
#.##...@.#
#./...>.c......
####...>.....##
#...........#
#....)......#
#.........(.#
##.........##
##...#...##


You could see a centaur.

Vanquished Creatures
  A necrophage (D:3)
  An ogre (D:4)
  A centaur (D:5)
  The ghost of Etesian the Conjurer, an amateur DECj (D:3)
  A centaur zombie (D:5)
  A crimson imp (D:3)
  A quasit (D:5)
  2 jellies (D:5)
  A giant frog skeleton (D:4)
  2 hounds
  2 orc priests
  3 orc wizards
  3 worker ants
  Robin (D:4)
  7 adders
  2 shadow imps
  2 adder zombies
  3 worms
  2 dart slugs (D:1)
  2 giant geckos
  18 orcs
  7 giant cockroaches
  15 hobgoblins
  19 jackals
  2 quokkas
  4 ball pythons
  3 bats
  A giant gecko zombie (D:1)
  3 giant newts
  19 goblins
  6 kobolds
  8 rats
144 creatures vanquished.

Notes
Turn   | Place    | Note
--------------------------------------------------------------
     0 | D:1      | Leibowitz the Kobold Berserker began the quest for the Orb.
     0 | D:1      | Reached XP level 1. HP: 14/14 MP: 1/1
   162 | D:1      | Reached skill level 1 in Stealth
   162 | D:1      | Reached XP level 2. HP: 12/19 MP: 2/2
   498 | D:1      | Reached XP level 3. HP: 21/23 MP: 3/3
   859 | D:1      | Reached skill level 3 in Dodging
   875 | D:1      | Reached ** piety under Trog
  1627 | D:1      | Reached XP level 4. HP: 23/28 MP: 4/4
  1677 | D:2      | Noticed a fire elemental
  1679 | D:2      | Found a stormy altar of Qazlal.
  1705 | D:2      | Noticed an earth elemental
  1712 | D:2      | Noticed an air elemental
  1885 | D:2      | Found a shimmering altar of Xom.
  1944 | D:2      | Noticed a water elemental
  2261 | D:2      | Found a basalt altar of Yredelemnul.
  2970 | D:2      | Reached skill level 4 in Dodging
  2970 | D:2      | Reached XP level 5. HP: 22/33 MP: 5/5
  3382 | D:3      | Reached *** piety under Trog
  3382 | D:3      | Reached skill level 5 in Short Blades
  3415 | D:2      | Gained mutation: You are dopey. (Int -2) [potion of mutation]
  3415 | D:2      | Gained mutation: Your flesh is cold resistant. [potion of mutation]
  3415 | D:2      | Gained mutation: Armour fits poorly on your strangely shaped body. [potion of mutation]
  3416 | D:2      | HP: 1/33 [something (3)]
  3564 | D:3      | Found a shattered altar of Ashenzari.
  3770 | D:3      | Noticed Etesian's ghost (amateur DECj)
  3782 | D:3      | Killed Etesian's ghost
  3782 | D:3      | Reached skill level 5 in Dodging
  3782 | D:3      | Reached XP level 6. HP: 37/38 MP: 6/6
  4050 | D:3      | Found a deep blue altar of Sif Muna.
  4061 | D:3      | Noticed a necrophage
  4080 | D:3      | Killed a necrophage
  4089 | D:3      | Reached XP level 7. HP: 21/40 MP: 7/7
  4621 | D:3      | Found a bloodstained altar of Trog.
  4848 | D:4      | Noticed Robin
  4887 | D:4      | Killed Robin
  5204 | D:4      | Reached skill level 6 in Dodging
  5407 | D:4      | Found an ancient bone altar of Kikubaaqudgha.
  5837 | D:4      | Found a blossoming altar of Fedhas.
  5878 | D:4      | Found a staircase to the Ecumenical Temple.
  5948 | D:4      | Found a shadowy altar of Dithmenos.
  6028 | D:5      | Entered Level 5 of the Dungeon
  6109 | D:5      | Found a glowing silver altar of Zin.
  6111 | D:5      | Found Zin's Purification Station.
  6261 | D:5      | Reached XP level 8. HP: 41/48 MP: 8/8
  6317 | D:5      | Reached **** piety under Trog
  6671 | D:5      | Reached skill level 7 in Dodging
  7282 | D:5      | Reached skill level 5 in Fighting
  7470 | D:6      | Slain by a centaur

Vault maps used:
D:1:      saegor_arrival_fortress
D:2:      lemuel_doored_altar, nicolae_qazlal_style_of_elements, tgw_xom,
          minmay_statues_item
D:3:      lemuel_crystal_altar, lightli_temple_of_fire,
          cheibrodos_ashenzari_chains, first_bread
D:4:      nicolae_dithmenos_through_a_glass_darkly,
          fedhas_bush_and_centaur_altar, kiku_gazebo_garden_becter,
          minmay_temple_entry_statues_pillars, uniq_robin
D:5:      zin_purify, minivault_25
D:6:      nemelex_deck, gammafunk_pakellas_cloud_experiment, uniq_blork_the_orc

Skill      XL: |  1  2  3  4  5  6  7  8 |
---------------+-------------------------+-----
Stealth        | 1 2 3 4 |  4.4
Dodging        | 3 4 5 6 7 |  7.5
Short Blades   | 5 6 |  6.9
Armour         | 2 3 |  3.0
Fighting       | 4 5 |  5.0

Action                   |  1- 3 |  4- 6 |  7- 9 || total
-------------------------+-------+-------+-------++-------
Melee: Short sword       |   136 |   190 |    86 ||   412
       Rapier            |       |    24 |       ||    24
       Dagger            |       |       |   226 ||   226
 Fire: Blowgun           |       |       |    14 ||    14
Invok: Berserk           |     1 |     3 |     3 ||     7
       Trog's Hand       |       |     1 |     1 ||     2
  Use: Potion            |       |     5 |     2 ||     7
       Scroll            |       |       |     7 ||     7
 Stab: Sleeping          |     4 |     2 |     7 ||    13
       Distracted        |       |     1 |       ||     1
  Eat: Chunk             |    10 |    11 |    16 ||    37
